 Dungeon Crawl Stone Soup version 0.23.2-1-ga50397a (webtiles) character file.

Game seed: 10681373698545990989

20 MalarOregon the Poker (level 2, 0/23 HPs)
             Began as a Merfolk Gladiator on May 20, 2019.
             Slain by a bullfrog (2 damage)
             ... on level 2 of the Dungeon.
             The game lasted 00:00:53 (1266 turns).

MalarOregon the Poker (Merfolk Gladiator)           Turns: 1266, Time: 00:00:53

Health: 0/23       AC:  4    Str: 14    XL:     2   Next: 79%
Magic:  2/2        EV: 14    Int:  7    God:
Gold:   57         SH:  0    Dex: 15    Spells: 1/1 levels left

rFire    . . .     SeeInvis .   a - +0 trident
rCold    . . .     Gourm    .   (no shield)
rNeg     . . .     Faith    .   b - +0 leather armour
rPois    .         Spirit   .   c - +0 helmet
rElec    .         Reflect  .   (no cloak)
rCorr    .         Harm     .   (no gloves)
MR       .....                  (no boots)
Stlth    +.........             (no amulet)
HPRegen  0.07/turn              (no ring)
MPRegen  0.08/turn              (no ring)

@: no status effects
A: change form in water, swift swim, stealthy swim
a: no special abilities


You were on level 2 of the Dungeon.
You were not hungry.

You visited 1 branch of the dungeon, and saw 2 of its levels.

You collected 57 gold pieces.

Inventory:

Hand Weapons
 a - a +0 trident (weapon)
Missiles
 d - 3 throwing nets (quivered) {!f}
Armour
 b - a +0 leather armour (worn)
 c - a +0 helmet (worn)
 k - a scarf of repulsion
   (You found it on level 1 of the Dungeon)
Jewellery
 f - an uncursed amulet of magic regeneration {unknown}
   (You found it on level 1 of the Dungeon)
Scrolls
 h - 6 scrolls of identify {unknown}
 i - a scroll of noise {unknown}
 j - a scroll of teleportation {unknown}
 m - a scroll of random uselessness {unknown}
 o - a scroll of fear {unknown}
Potions
 g - a potion of resistance {unknown}
 l - 2 potions of curing {unknown}
Comestibles
 e - 3 rations {!d}
 n - a chunk of flesh


   Skills:
 + Level 2.6 Fighting
 + Level 4.8 Polearms
 + Level 2.3 Throwing
 + Level 0.5 Armour
 - Level 4.0 Dodging


You had one spell level left.
You didn't know any spells.
Your spell library was empty.

Dungeon Overview and Level Annotations

Branches:
Dungeon (2/15)

Altars:
Wu Jian


Message History

Found a stone staircase leading down.
A giant cockroach comes into view.
A giant cockroach is nearby!
A giant cockroach is nearby!
Attack whom?
Aim: a giant cockroach (clinging)
You reach to attack!
You hit the giant cockroach. You barely miss the giant cockroach.
The giant cockroach closely misses you.
You hit the giant cockroach but do no damage.
The giant cockroach completely misses you.
You puncture the giant cockroach!
You kill the giant cockroach!
No target in view!
No target in view!
No target in view!
No target in view!
No target in view!
No target in view!
No target in view!
No target in view!
No target in view!
You butcher the giant cockroach corpse.
n - a chunk of flesh
Found a scroll labeled FEUSTY BIRI.
o - a scroll labeled FEUSTY BIRI A bullfrog comes into view.
The bullfrog croaks.
A bullfrog is nearby!
A bullfrog is nearby!
A goblin comes into view. It is wielding a +0 dagger.
The bullfrog hits you.
You closely miss the bullfrog.
The goblin shouts!
The bullfrog barely misses you.
You hit the bullfrog but do no damage.
The bullfrog hits you but does no damage.
The bullfrog barely misses you.
You hit the bullfrog but do no damage. The bullfrog closely misses you.
You barely miss the bullfrog. The bullfrog barely misses you.
The bullfrog hits you.
You hit the bullfrog. The bullfrog hits you! The bullfrog hits you.
* * * LOW HITPOINT WARNING * * *
Okay, then.
Okay, then.
The bullfrog misses you. The bullfrog hits you!
* * * LOW HITPOINT WARNING * * *
The bullfrog completely misses you. The bullfrog hits you.
You die...

#.....# #.#...
#.....## #..##.
......# ##.### .....#
#.... #.#).# #####
###.#..### #
#........##### #
#.....##.....# #
#...>@######.#########
#....F# #........##
#.....### ########.##
#....g..## #...
#.....#..## ###.
#####.##..#### ##
#.###....##
#..#####..## ##.#
##..#


You could see a bullfrog and a goblin.

Vanquished Creatures
  A bat (D:1)
  A giant cockroach (D:2)
  5 goblins
  2 hobgoblins (D:1)
  4 kobolds
  A quokka (D:2)
  A ball python (D:1)
  A frilled lizard (D:1)
  2 rats (D:1)
18 creatures vanquished.

Notes
Turn   | Place    | Note
-------+----------+-------------------------------------------
     0 | D:1      | MalarOregon the Merfolk Gladiator began the quest for the
                  | Orb.
     0 | D:1      | Reached XP level 1. HP: 16/16 MP: 1/1
   438 | D:1      | Reached XP level 2. HP: 23/23 MP: 2/2
  1042 | D:2      | Found a faded altar of an unknown god.
  1131 | D:2      | Found an ornate altar of the Wu Jian Council.
  1250 | D:2      | Noticed a bullfrog
  1266 | D:2      | Slain by a bullfrog

Action                   || total
-------------------------++-------
Melee: Trident           ||    59
 Stab: Sleeping          ||     1
  Eat: Chunk             ||     1
Armor: Leather armour    ||    15
Dodge: Dodged            ||    28
